 Dungeon Crawl Stone Soup version 0.21.1-1-g345015f (webtiles) character file.

84 inc the Conjurer (level 4, 0/27 HPs)
             Began as an Octopode Wizard on May 1, 2018.
             Killed by divine providence
             ... invoked by an orc priest
              (14 damage)
             ... on level 3 of the Dungeon.
             The game lasted 00:03:35 (1590 turns).

inc the Conjurer (Octopode Wizard)                  Turns: 1590, Time: 00:03:35

Health: 0/27       AC:  1    Str:  6    XL:     4   Next: 46%
Magic:  6/8        EV: 13    Int: 21    God:
Gold:   107        SH:  0    Dex: 10    Spells: 8/9 levels left

rFire    . . .     SeeInvis .   n - +0 flail
rCold    . . .     Gourm    .   (no shield)
rNeg     . . .     Faith    .   a - +0 hat
rPois    .         Spirit   .   (no amulet)
rElec    .         Reflect  .   (no ring)
rCorr    .         Harm     .   (no ring)
MR       .....                  (no ring)
Stlth    +++.......             (no ring)
HPRegen  0.09/turn              (no ring)
MPRegen  0.11/turn              (no ring)
                                (no ring)
                                (no ring)

@: no status effects
A: almost no armour, stealthy swim, amphibious, 8 rings, constrict 8, camouflage
1, gelatinous body 1
a: no special abilities


You were on level 3 of the Dungeon.
You were not hungry.

You visited 1 branch of the dungeon, and saw 3 of its levels.

You collected 107 gold pieces.

Inventory:

Hand Weapons
 n - a +0 flail (weapon)
 o - a +3 dagger
Armour
 a - a +0 hat (worn)
Jewellery
 q - an uncursed ring of positive energy {unknown}
Scrolls
 d - 2 scrolls of identify {unknown}
 e - 2 scrolls of amnesia {unknown}
 i - 2 scrolls of enchant armour {unknown}
 k - 2 scrolls of remove curse {unknown}
 p - 3 scrolls of teleportation {unknown}
Potions
 f - 2 potions of mutation {unknown}
 g - a potion of agility {unknown}
 h - 2 potions of haste {unknown}
 j - a potion of might {unknown}
 l - 2 potions of brilliance {unknown}
 m - a potion of lignification {unknown}
Books
 b - a book of Minor Magic

   Spells                             Type                      Level
   a - Magic Dart                     Conjuration                  1
   b - Blink                          Translocation                2
   c - Call Imp                       Summoning                    2
   d - Slow                           Hexes                        2
   e - Conjure Flame                  Conjuration/Fire             3
   f - Mephitic Cloud                 Conjuration/Poison/Air       3
Comestibles
 c - 5 rations


   Skills:
 - Level 2.0 Dodging
 - Level 2.6 Stealth
 - Level 3.0 Spellcasting
 + Level 4.1 Conjurations
   Level 1.0 Summonings
   Level 1.0 Translocations


You had 8 spell levels left.
You knew the following spells:

 Your Spells              Type           Power        Failure   Level  Hunger
a - Magic Dart            Conj           ###.         2%          1    None


Dungeon Overview and Level Annotations

Branches:
Dungeon (3/15)

Altars:
Sif Muna


Innate Abilities, Weirdness & Mutations

You cannot wear most types of armour.
You are very stealthy in the water. (Stealth+)
You are amphibious.
You can wear up to eight rings at the same time.
You can use your tentacles to constrict eight enemies at once.
Your skin changes colour to match your surroundings (Stealth+).
Your rubbery body absorbs attacks. (AC +1, EV +1)


Message History

2 orcs come into view.
There are monsters nearby!
Unknown command.
Casting: Magic Dart
Confirm with . or Enter, or press ? or * to list all spells.
You can't see any susceptible monsters within range! (Use Z to cast anyway.) Unknown command.
Casting: Magic Dart
Confirm with . or Enter, or press ? or * to list all spells.
Aiming: Magic Dart
Press: ? - help, Shift-Dir - straight line, f - orc priest
Aim: an orc priest, wielding a hand axe and wearing a scale mail The magic dart hits the orc priest.
A leopard gecko comes into view.
The orc priest invokes the aid of Beogh against you.
Beogh smites you!
The orc priest invokes the aid of Beogh against you.
Beogh smites you!
Ouch! That really hurt!
You die...

#..o..# #!o...#
#..o..######
#........(.##
#.........#
#..........
#......†... .
#..........
....####@.........
.......<..........
#.#..##..........#
# ............
..#.l........
...#..........
..#.#.........
.....#........ ###
.. .......


You could see an orc priest, an orc and a leopard gecko (wandering).

Vanquished Creatures
  A gnoll (D:1)
  3 adders (D:2)
  A worm (D:2)
  A dart slug (D:1)
  4 leopard geckos
  An orc (D:2)
  2 ball pythons (D:1)
  3 bats (D:2)
  3 giant cockroaches
  3 goblins
  4 hobgoblins
  2 kobolds
  A quokka (D:2)
  3 frilled lizards (D:2)
  4 rats
36 creatures vanquished.

Notes
Turn   | Place    | Note
-------+----------+-------------------------------------------
     0 | D:1      | inc the Octopode Wizard began the quest for the Orb.
     0 | D:1      | Reached XP level 1. HP: 11/11 MP: 4/4
   254 | D:1      | Reached skill level 2 in Conjurations
   254 | D:1      | Reached XP level 2. HP: 17/17 MP: 1/6
   539 | D:1      | Reached XP level 3. HP: 21/21 MP: 0/7
   739 | D:2      | Reached skill level 3 in Conjurations
  1050 | D:2      | Reached XP level 4. HP: 27/27 MP: 0/8
  1193 | D:2      | Reached skill level 4 in Conjurations
  1223 | D:2      | Found a deep blue altar of Sif Muna.
  1590 | D:3      | Killed from afar by an orc priest

Skill      XL: |  1  2  3  4 |
---------------+-------------+-----
Conjurations   | 2 3 4 |  4.1
Dodging        | |  2.0
Stealth        | |  2.6
Spellcasting   | |  3.0
Summonings     | |  1.0
Translocations | |  1.0

Action                   |  1- 3 |  4- 6 || total
-------------------------+-------+-------++-------
Melee: Unarmed           |     8 |       ||     8
       Tentacles         |     2 |     1 ||     3
       Constrict         |     2 |       ||     2
       Flail             |       |     4 ||     4
 Cast: Magic Dart        |    57 |    28 ||    85
 Stab: Sleeping          |       |     1 ||     1
  Eat: Chunk             |       |     2 ||     2
Armor: Skin              |       |     1 ||     1
Dodge: Dodged            |    10 |       ||    10
